AoeStats
← Mikey-R2R

QS Arena

503598538Analyzed
4v4 RM · 1mo ago on Sep 1, 2026· 45m 5s· 8 players
Game mode
Random Map
Map size
Large (8 player)
Population
200
Speed
Normal
Resources
Standard
Victory
Conquest
Starting age
Dark Age
Ending age
Imperial Age
RankedLock teamsTeams togetherTeam positionsShared explorationLock speedFull tech treeHidden civsTurbo modeCheats
Victory
Defeat
🇪🇸 Bulgarians · Spain
888
+13
🇹🇼 Byzantines · Taiwan
845
+15
🇮🇳 Burgundians · India
750
+19
🇨🇳 Spanish · China
645
+23
🇨🇳 Wu · China
832
-18
🇨🇳 Chinese · China
831
-18
🇨🇳 Poles · China
800
-17
🇯🇵 Japanese · Japan
793
-17
Mikey-R2R
8:31 Feudal Age
11:30 Double-Bit Axe
13:52 Castle Age
15:11 Bow Saw
15:06 Horse Collar
16:54 Heavy Plow
20:37 Husbandry
22:07 Forging
22:05 Scale Barding Armor
21:59 Gold Mining
26:35 Imperial Age
26:37 Szlachta Privileges
27:55 Conscription
29:18 Wheelbarrow
29:16 Bloodlines
29:33 Cavalier
33:21 Crossbowman
风中有朵蒲公英
9:03 Feudal Age
13:24 Castle Age
13:32 Double-Bit Axe
15:28 Horse Collar
17:33 Bow Saw
19:14 Gold Mining
19:42 Stone Mining
20:32 Wheelbarrow
27:36 Imperial Age
蝼蚁
8:34 Feudal Age
15:57 Castle Age
14:35 Horse Collar
15:03 Double-Bit Axe
15:27 Gold Mining
15:45 Stone Mining
18:23 Bow Saw
18:24 Heavy Plow
19:45 Stone Shaft Mining
19:48 Gold Shaft Mining
22:03 Wheelbarrow
22:57 Fletching
24:24 Loom
heat7770
0:29 Loom
9:10 Feudal Age
10:39 Wheelbarrow
9:47 Horse Collar
9:55 Double-Bit Axe
11:10 Gold Mining
13:39 Stone Mining
19:42 Castle Age
20:28 Heavy Plow
20:45 Bow Saw
22:19 Gold Shaft Mining
22:18 Scale Mail Armor
22:29 Forging
22:07 Arson
22:22 Squires
22:49 Hand Cart
24:35 Chain Mail Armor
24:55 Iron Casting
24:57 Elite Skirmisher
31:51 Imperial Age
33:57 Two-Man Saw
32:21 Elite Samurai
34:36 Plate Mail Armor
35:06 Blast Furnace
kumkum118
0:58 Loom
9:41 Feudal Age
16:19 Castle Age
14:31 Double-Bit Axe
15:04 Horse Collar
16:21 Wheelbarrow
19:23 Sanctity
23:24 Hand Cart
24:42 Fervor
29:35 Imperial Age
27:42 Pikeman
28:08 Arson
28:09 Gambesons
28:20 Gold Mining
29:14 Husbandry
29:17 Squires
29:58 Bow Saw
29:15 Man-at-Arms
30:20 Scale Mail Armor
30:25 Scale Barding Armor
30:19 Light Cavalry
31:48 Hussar
33:46 Heavy Plow
34:02 Chain Mail Armor
33:58 Forging
34:09 Chain Barding Armor
35:02 Redemption
35:35 Crop Rotation
35:37 Plate Mail Armor
36:12 Illumination
36:03 Block Printing
35:49 Halberdier
37:36 Theocracy
37:27 Long Swordsman
37:42 Heavy Camel Rider
37:43 Cavalier
39:25 Iron Casting
39:43 Plate Barding Armor
39:08 Padded Archer Armor
38:59 Fletching
38:32 Two-Handed Swordsman
39:35 Champion
42:11 Chemistry
41:23 Fortified Wall
41:09 Murder Holes
41:18 Bodkin Arrow
41:38 Leather Archer Armor
41:11 Arrowslits
41:16 Guard Tower
41:32 Siphons
41:47 Shipwright
41:38 Clinker Construction
41:38 Careening
41:09 Treadmill Crane
41:50 Ballistics
42:11 Gold Shaft Mining
41:26 Stone Mining
42:05 Atonement
42:51 Greek Fire
42:11 Elite Cataphract
43:27 Hoardings
43:03 Logistica
43:22 Capped Ram
44:22 Siege Ram
45:44 Stone Shaft Mining
45:47 Keep
45:32 Bombard Tower
45:33 Carvel Hull
DrakeTheThief
2:02 Loom
8:24 Feudal Age
16:12 Castle Age
14:17 Horse Collar
14:53 Stone Mining
15:22 Gold Mining
15:45 Double-Bit Axe
28:15 Imperial Age
28:03 Stone Shaft Mining
28:29 Sappers
29:24 Conscription
30:01 Wheelbarrow
29:11 Town Watch
34:26 Hand Cart
34:12 Town Patrol
34:39 Elite Conquistador
35:55 Hoardings
37:08 Heavy Plow
37:21 Bow Saw
37:16 Caravan
36:52 Pikeman
37:32 Squires
39:24 Herbal Medicine
39:55 Ballistics
40:37 Chemistry
40:15 Forging
40:05 Scale Mail Armor
40:10 Scale Barding Armor
39:55 Fletching
40:05 Padded Archer Armor
40:46 Bloodlines
40:38 Husbandry
39:59 Cavalier
42:01 Arrowslits
superpandaby
9:17 Feudal Age
10:02 Double-Bit Axe
10:19 Horse Collar
18:36 Castle Age
16:55 Stone Mining
17:00 Gold Mining
17:49 Bloodlines
17:27 Arson
18:01 Scale Barding Armor
17:47 Fletching
19:18 Squires
19:04 Gambesons
19:22 Heavy Plow
19:56 Bow Saw
24:27 Husbandry
24:51 Chain Barding Armor
24:41 Forging
24:27 Bodkin Arrow
30:38 Imperial Age
28:43 Ballistics
29:44 Murder Holes
31:37 Masonry
33:58 Gold Shaft Mining
33:58 Stone Shaft Mining
33:33 Stirrups
35:29 Bracer
36:05 Iron Casting
35:31 Scale Mail Armor
36:06 Plate Barding Armor
36:49 Crop Rotation
38:48 Bagains
44:22 Elite Konnik
ODOBrodo
8:46 Double-Bit Axe
9:45 Wheelbarrow
9:02 Horse Collar
12:14 Feudal Age
14:00 Bow Saw
13:55 Stone Mining
14:00 Gold Mining
16:59 Castle Age
15:31 Scale Barding Armor
16:08 Forging
18:02 Stone Shaft Mining
18:05 Gold Shaft Mining
19:07 Two-Man Saw
18:30 Cavalier
19:27 Loom
20:04 Husbandry
20:09 Pikeman
23:40 Chain Barding Armor
24:39 Iron Casting
24:13 Fletching
30:57 Imperial Age
28:17 Town Watch
29:01 Hand Cart
29:21 Heavy Plow
29:20 Elite Skirmisher
30:24 Squires
30:12 Arson
32:16 Conscription
33:37 Hoardings
34:15 Plate Barding Armor
34:41 Blast Furnace
33:10 Capped Ram
34:21 Bodkin Arrow
34:31 Scale Mail Armor
34:45 Herbal Medicine
34:31 Capped Ram
36:17 Burgundian Vineyards
36:46 Chain Mail Armor
36:33 Bracer
36:59 Paladin
37:42 Padded Archer Armor
37:54 Murder Holes
38:10 Masonry
38:23 Ballistics
37:47 Treadmill Crane
39:18 Halberdier
41:06 Chemistry
40:19 Fortified Wall
40:40 Architecture
41:16 Crop Rotation
42:28 Leather Archer Armor
42:44 Plate Mail Armor
42:14 Guard Tower
42:10 Arrowslits
42:49 Bombard Tower
42:37 Light Cavalry
Connection lost

Rejoining the realm…

Still unreachable

The connection could not be restored.

Session expired

The server has moved on; the page needs a fresh start.